 Dungeon Crawl Stone Soup version 0.29.1-15-g9cfb28693d (webtiles) character file.

Game seed: 8454097747438338533

1348 Ast3rio the Poker (level 8, 0/70 HPs)
             Began as a Minotaur Berserker on Mar 28, 2023.
             Was a Priest of Trog.
             Slain by Pikel
             ... wielding a +2 whip of freezing
              (13 damage)
             ... on level 5 of the Dungeon.
             The game lasted 00:05:35 (4947 turns).

Ast3rio the Poker (Minotaur Berserker)              Turns: 4947, Time: 00:05:36

Health: 0/70       AC: 10    Str: 24    XL:     8   Next: 36%
Magic:  7/7        EV:  9    Int:  8    God:    Trog [***...]
Gold:   266        SH:  0    Dex: 10    Spells: 7/7 levels left

rFire   . . .      SeeInvis .   r - +2 dagger (venom)
rCold   . . .      Faith    .   (no shield)
rNeg    . . .      Spirit   .   C - +1 chain mail of the First Snow {Harm Rampage Int+4 Stlth-}
rPois   .          Reflect  .   (helmet restricted)
rElec   .          Harm     +   (no cloak)
rCorr   .          Rampage  +   (no gloves)
Will    .....                   (no boots)
Stlth   ..........              (no amulet)
HPRegen 0.21/turn               (no ring)
MPRegen 0.10/turn               (no ring)

@: no status effects
A: horns 2, retaliatory headbutt
a: Renounce Religion, Berserk, Trog's Hand


You were on level 5 of the Dungeon.
You worshipped Trog.
Trog was most pleased with you.
You visited 1 branch of the dungeon, and saw 5 of its levels.

You collected 266 gold pieces.

Inventory:

Hand Weapons
 a - a +0 spear
 r - a +2 dagger of venom (weapon)
 y - a +0 triple crossbow
Armour
 b - a +0 animal skin
 p - a +0 ring mail
 C - the +1 chain mail of the First Snow (worn) {Harm Rampage Int+4 Stlth-}
   (You found it on level 5 of the Dungeon)

   Int:       It affects your intelligence (+4).
   Harm:      It increases damage dealt and taken.
   Rampage:   It bestows one free step when moving towards enemies.
   Stlth:     It makes you less stealthy.
Jewellery
 e - an amulet of magic regeneration
 k - an amulet of guardian spirit
 o - a ring of ice
 t - a ring of ice
 v - a ring of positive energy
 z - a ring of resist corrosion
Wands
 B - a wand of polymorph (7)
 D - a wand of iceblast (12)
Scrolls
 c - 4 scrolls of magic mapping {unknown}
 f - 5 scrolls of identify {unknown}
 g - 2 scrolls of enchant armour {unknown}
 h - 2 scrolls of noise {unknown}
 i - a scroll of teleportation {unknown}
 n - a scroll of butterflies {unknown}
 s - a scroll of blinking {unknown}
 x - a scroll of poison {unknown}
Potions
 d - 3 potions of brilliance
 j - 2 potions of curing
 l - 2 potions of lignification
 m - a potion of cancellation {unknown}
 q - a potion of invisibility {unknown}
 u - a potion of flight {unknown}
 w - a potion of haste {unknown}
 A - a potion of attraction {unknown}


   Skills:
 * Level 6.3 Fighting
 + Level 7.8 Polearms
 * Level 4.4 Ranged Weapons
 + Level 5.2 Armour
 + Level 4.3 Dodging
 + Level 2.1 Stealth


You had 7 spell levels left.
You didn't know any spells.
Your spell library was empty.

Dungeon Overview and Level Annotations

Branches:
Dungeon (5/15)
 Temple: D:4-7

Altars:
Trog

Annotations:
D:5 Pikel


Innate Abilities, Weirdness & Mutations

You have a pair of horns on your head.
You reflexively headbutt those who attack you in melee.


Message History

Do you really want to go berserk while wielding your +0 triple crossbow? [Y]es or [N]o only, please.
Do you really want to go berserk while wielding your +0 triple crossbow?
Okay, then.
Your +2 dagger of venom begins to drip with poison!
r - a +2 dagger of venom (weapon)
Pikel misses you.
You hit Pikel but do no damage.
Pikel is poisoned.
Pikel is severely wounded.
Pikel closely misses you.
You barely miss Pikel.
Pikel is severely wounded.
Pikel barely misses you.
You closely miss Pikel. Your headbutt misses Pikel.
Pikel is severely wounded.
Pikel says, "You'll rot in Tartarus!"
Pikel hits you but does no damage.
You hit Pikel. Your headbutt misses Pikel.
Pikel is severely wounded.
Pikel closely misses you.
You hit Pikel but do no damage.
Pikel looks as sick as possible!
Pikel is severely wounded.
Pikel hits you with a +2 whip of freezing.
Pikel freezes you.
You closely miss Pikel. Your headbutt misses Pikel.
Pikel is severely wounded.
Pikel hits you with a +2 whip of freezing.
* * * LOW HITPOINT WARNING * * *
Pikel freezes you.
* * * LOW HITPOINT WARNING * * *
You hit Pikel.
Pikel looks as sick as possible!
Pikel is almost dead.
Pikel hits you with a +2 whip of freezing.
* * * LOW HITPOINT WARNING * * *
Pikel freezes you.
* * * LOW HITPOINT WARNING * * *
You closely miss Pikel. Your headbutt misses Pikel.
Pikel is almost dead.
Pikel hits you with a +2 whip of freezing!
You die...

#.# .. .# ##. #.# ##
###[# ...# ###...###
#..5######...#...##
#55K@#...####...#####
####...### ###..#...
##.## ##..... #..#
##.... #..# ##...
#..# ###. #..# ##
#..# # #..#


You could see Pikel (extremely poisoned) and 3 lemures.

Vanquished Creatures
  The ghost of BeingJoeMalik the Poker, an amateur NaFi (D:4)
  Duvessa (D:4)
  2 ice beasts
  A black bear (D:5)
  The ghost of CaptainScarlet the Covered, an amateur MiFi (D:4)
  A centaur (D:5)
  A lemure (D:5)
  Blork the orc (D:4)
  2 scorpions
  Dowan (D:4)
  A jelly (D:4)
  3 hounds
  4 iguanas (D:5)
  Ijyb (D:5)
  7 gnolls
  5 adders
  An ufetubus (D:5)
  A worm (D:4)
  3 dart slugs (D:2)
  3 orcs
  9 endoplasms
  2 giant cockroaches
  7 goblins
  8 hobgoblins
  7 kobolds
  2 quokkas
  4 ball pythons
  2 bats (D:2)
  3 frilled lizards
  5 rats
90 creatures vanquished.

Vanquished Creatures (others)
  6 withered plants (D:4)
6 creatures vanquished.

Grand Total: 96 creatures vanquished

Notes
Turn   | Place    | Note
-------+----------+-------------------------------------------
     0 | D:1      | Ast3rio the Minotaur Berserker began the quest for the Orb.
     0 | D:1      | Reached XP level 1. HP: 19/19 MP: 0/0
    92 | D:1      | Reached XP level 2. HP: 18/27 MP: 1/1
    94 | D:1      | Reached skill level 4 in Polearms
   332 | D:1      | Found a faded altar of an unknown god.
   700 | D:1      | Reached ** piety under Trog
   808 | D:2      | Reached XP level 3. HP: 33/33 MP: 2/2
  2123 | D:3      | You fall into a shaft and drop 1 floor!
  2125 | D:4      | Noticed Blork the orc
  2135 | D:4      | Killed Blork the orc
  2136 | D:4      | Reached skill level 5 in Polearms
  2136 | D:4      | Reached skill level 1 in Stealth
  2136 | D:4      | Reached XP level 4. HP: 22/41 MP: 3/3
  2347 | D:4      | Found a bloodstained altar of Trog.
  2358 | D:4      | Reached XP level 5. HP: 46/47 MP: 4/4
  2403 | D:4      | Noticed Duvessa
  2404 | D:4      | Noticed Dowan
  2416 | D:4      | Killed Duvessa
  2422 | D:4      | Reached skill level 5 in Fighting
  2422 | D:4      | Reached skill level 6 in Polearms
  2422 | D:4      | Reached XP level 6. HP: 32/56 MP: 5/5
  2428 | D:4      | Killed Dowan
  2748 | D:4      | Found a runed translucent gate.
  2748 | D:4      | Found a runed translucent gate.
  2748 | D:4      | Found a runed translucent gate.
  2753 | D:4      | Noticed CaptainScarlet's ghost (amateur MiFi)
  2753 | D:4      | Noticed BeingJoeMalik's ghost (amateur NaFi)
  3578 | D:4      | Killed CaptainScarlet's ghost
  3579 | D:4      | Reached skill level 7 in Polearms
  3579 | D:4      | Reached XP level 7. HP: 43/61 MP: 6/6
  3583 | D:4      | Killed BeingJoeMalik's ghost
  3662 | D:5      | Entered Level 5 of the Dungeon
  3669 | D:5      | Reached skill level 1 in Ranged Weapons
  3676 | D:4      | Reached *** piety under Trog
  3677 | D:4      | Reached skill level 5 in Armour
  4091 | D:5      | Reached XP level 8. HP: 69/70 MP: 7/7
  4396 | D:5      | Noticed Ijyb
  4401 | D:5      | Killed Ijyb
  4427 | D:5      | Identified the +1 chain mail of the First Snow {Harm
                  | Rampage Int+4 Stlth-}
  4928 | D:5      | Noticed Pikel
  4947 | D:5      | Slain by Pikel

Illustrated notes

Levels and vault maps discovered:
D:1:      tarquinn_simple_flora_water_b, layout_rooms,
          ebering_ecumenical_altar_sacrificial, grunt_decor_resistance,
          amcnicky_mini_rare_corridor_liquid, minmay_hexomino_c4
D:2:      layout_loops_ring, serial_glass, glass_columns_b, glass_columns_a,
          glass_columns_a, glass_columns_c
D:3:      layout_rooms, kiku_gazebo_garden_becter, serial_rivers,
          chequers_serial_rivers_micro_c, chequers_serial_rivers_large_b,
          chequers_serial_rivers_micro_c, chequers_serial_rivers_micro_d,
          kennysheep_orc_chapel
D:4:      layout_rooms, overflow_temple_1_default, gammafunk_ghost_cemetery,
          uniq_blork_the_orc, uniq_duvessa
D:5:      layout_cave_pods, uniq_pikel, uniq_menkaure, uniq_ijyb

Skill      XL: |  1  2  3  4  5  6  7  8 |
---------------+-------------------------+-----
Fighting       | 4 5 6 |  6.3
Polearms       | 4 5 6 7 |  7.8
Dodging        | 3 4 |  4.3
Stealth        | 1 2 |  2.1
Armour         | 3 4 5 |  5.2
Ranged Weapons | 2 4 |  4.4

Action                   |  1- 3 |  4- 6 |  7- 9 || total
-------------------------+-------+-------+-------++-------
Melee: Spear             |   123 |   103 |     5 ||   231
       Headbutt          |    17 |    12 |     1 ||    30
       Punch             |       |     1 |       ||     1
       Dagger            |       |       |     8 ||     8
 Fire: Triple crossbow   |       |       |    73 ||    73
Invok: Berserk           |       |     2 |       ||     2
  Use: Potion            |       |     3 |       ||     3
 Stab: Sleeping          |     2 |       |       ||     2
Armor: Animal skin       |     2 |       |       ||     2
       Ring mail         |       |    21 |    22 ||    43
       Chain mail        |       |       |    29 ||    29
Dodge: Dodged            |    36 |    38 |    53 ||   127
